3224 views
Uploaded 2020-04-22 17:58:01
Game version 1.32.3
8:46 long 2on2 ladder game on (4)FurbolgMountain
Saved by zebroni
3224 views
Uploaded 2020-04-22 17:58:01
Game version 1.32.3
8:46 long 2on2 ladder game on (4)FurbolgMountain
/ 0.5k
21 buildings @ 3.1k
/ 1k

| Peasant | 12 | 900 | / | 0 |
| Footman | 5 | 675 | / | 0 |
| Rifleman | 7 | 1435 | / | 210 |
| total: | 24 | 3010g | / | 210w |
| Altar of Kings | 1 | 180 | / | 50 |
| Barracks | 2 | 320 | / | 120 |
| Farm | 4 | 320 | / | 80 |
| Lumber Mill | 1 | 120 | / | 0 |
| Arcane Vault | 2 | 260 | / | 60 |
| Blacksmith | 1 | 140 | / | 60 |
| Keep | 1 | 320 | / | 210 |
| total: | 11 | 1340g | / | 370w |
| 0:03 | Peasant |
| 0:03 | Peasant |
| 0:07 | Altar of Kings |
| 0:10 | Barracks |
| 0:12 | Farm |
| 0:25 | Peasant |
| 0:43 | Peasant |
| 0:51 | Farm |
| 1:22 | Footman |
| 1:33 | Peasant |
| 1:39 | Lumber Mill |
| 1:41 | Footman |
| 1:49 | Arcane Vault |
| 1:50 | Arcane Vault |
| 2:16 | Peasant |
| 2:16 | Peasant |
| 2:16 | Peasant |
| 2:23 | Footman |
| 2:30 | Summon Water Elemental |
| 3:19 | Keep |
| 3:23 | Farm |
| 3:55 | Blacksmith |
| 4:02 | Farm |
| 4:18 | Blizzard |
| 4:36 | Footman |
| 4:38 | Rifleman |
| 5:05 | Barracks |
| 5:21 | Rifleman |
| 5:47 | Rifleman |
| 5:49 | Peasant |
| 5:49 | Peasant |
| 6:16 | Peasant |
| 6:16 | Peasant |
| 6:20 | Rifleman |
| 6:44 | Rifleman |
| 7:04 | Rifleman |
| 7:35 | Summon Water Elemental |
| 7:41 | Rifleman |
| 8:23 | Footman |

| Wisp | 14 | 840 | / | 0 |
| Huntress | 14 | 2730 | / | 280 |
| total: | 28 | 3570g | / | 280w |
| Altar of Elders | 1 | 180 | / | 50 |
| Moon Well | 4 | 720 | / | 160 |
| Ancient of War | 3 | 450 | / | 180 |
| Hunter's Hall | 2 | 420 | / | 200 |
| total: | 10 | 1770g | / | 590w |
| 0:06 | Wisp |
| 0:06 | Wisp |
| 0:16 | Altar of Elders |
| 0:25 | Moon Well |
| 0:32 | Wisp |
| 0:32 | Wisp |
| 0:39 | Wisp |
| 0:39 | Wisp |
| 0:46 | Wisp |
| 0:47 | Wisp |
| 1:05 | Wisp |
| 1:05 | Wisp |
| 1:15 | Wisp |
| 1:21 | Wisp |
| 1:21 | Wisp |
| 1:35 | Wisp |
| 1:54 | Ancient of War |
| 1:57 | Hunter's Hall |
| 2:01 | Ancient of War |
| 2:15 | Moon Well |
| 2:18 | Entangling Roots |
| 2:37 | Ancient of War |
| 2:47 | Moon Well |
| 3:11 | Huntress |
| 3:24 | Hunter's Hall |
| 3:49 | Huntress |
| 4:10 | Huntress |
| 4:14 | Huntress |
| 4:33 | Ultravision |
| 4:45 | Huntress |
| 4:45 | Huntress |
| 4:52 | Force of Nature |
| 5:03 | Moon Well |
| 5:14 | Huntress |
| 5:32 | Huntress |
| 6:32 | Huntress |
| 6:57 | Huntress |
| 6:57 | Huntress |
| 7:17 | Huntress |
| 7:30 | Huntress |
| 7:47 | Huntress |
/ 0.3k
27 buildings @ 3.7k
/ 1.6k


| Peasant | 8 | 600 | / | 0 |
| Footman | 6 | 810 | / | 0 |
| Rifleman | 6 | 1230 | / | 180 |
| Priest | 2 | 270 | / | 20 |
| total: | 22 | 2910g | / | 200w |
| Altar of Kings | 1 | 180 | / | 50 |
| Barracks | 1 | 160 | / | 60 |
| Farm | 7 | 560 | / | 140 |
| Blacksmith | 1 | 140 | / | 60 |
| Arcane Vault | 1 | 130 | / | 30 |
| Arcane Sanctum | 1 | 150 | / | 140 |
| Keep | 2 | 640 | / | 420 |
| total: | 12 | 1320g | / | 480w |
| 0:03 | Peasant |
| 0:03 | Peasant |
| 0:05 | Altar of Kings |
| 0:19 | Barracks |
| 0:31 | Peasant |
| 0:34 | Farm |
| 0:42 | Peasant |
| 0:49 | Farm |
| 0:53 | Peasant |
| 1:14 | Peasant |
| 1:20 | Footman |
| 1:20 | Footman |
| 1:30 | Peasant |
| 1:39 | Footman |
| 1:46 | Farm |
| 1:53 | Peasant |
| 2:06 | Summon Water Elemental |
| 2:19 | Footman |
| 2:26 | Footman |
| 2:49 | Brilliance Aura |
| 2:54 | Keep |
| 3:15 | Blacksmith |
| 3:17 | Farm |
| 3:26 | Footman |
| 4:05 | Summon Water Elemental |
| 4:32 | Rifleman |
| 4:33 | Farm |
| 5:08 | Rifleman |
| 5:21 | Arcane Sanctum |
| 5:53 | Rifleman |
| 5:56 | Farm |
| 5:58 | Arcane Vault |
| 6:20 | Thunder Clap |
| 6:25 | Rifleman |
| 6:34 | Brilliance Aura |
| 6:44 | Long Rifles |
| 6:45 | Priest |
| 6:45 | Priest |
| 7:49 | Rifleman |
| 7:50 | Farm |
| 8:17 | Storm Bolt |
| 8:21 | Rifleman |


| Wisp | 14 | 840 | / | 0 |
| Archer | 7 | 910 | / | 70 |
| Dryad | 1 | 145 | / | 60 |
| total: | 22 | 1895g | / | 130w |
| Ancient of War | 1 | 150 | / | 60 |
| Altar of Elders | 1 | 180 | / | 50 |
| Moon Well | 6 | 1080 | / | 240 |
| Hunter's Hall | 1 | 210 | / | 100 |
| Ancient of Wonders | 2 | 180 | / | 60 |
| Ancient of Lore | 4 | 620 | / | 580 |
| Tree of Ages | 1 | 320 | / | 180 |
| Tree of Eternity | 1 | 330 | / | 200 |
| total: | 15 | 2420g | / | 1090w |
| 0:03 | Wisp |
| 0:03 | Wisp |
| 0:18 | Ancient of War |
| 0:20 | Altar of Elders |
| 0:24 | Wisp |
| 0:32 | Moon Well |
| 0:34 | Wisp |
| 0:42 | Wisp |
| 0:55 | Wisp |
| 1:23 | Archer |
| 1:25 | Wisp |
| 1:39 | Moon Well |
| 1:45 | Archer |
| 2:21 | Mana Burn |
| 2:40 | Wisp |
| 2:40 | Wisp |
| 3:15 | Tree of Ages |
| 3:17 | Hunter's Hall |
| 3:36 | Archer |
| 4:06 | Archer |
| 4:23 | Archer |
| 4:54 | Archer |
| 5:25 | Archer |
| 5:41 | Moon Well |
| 5:41 | Moon Well |
| 5:45 | Ancient of Lore |
| 5:46 | Ancient of Lore |
| 5:48 | Ancient of Wonders |
| 6:09 | Ancient of Lore |
| 6:11 | Moon Well |
| 6:12 | Moon Well |
| 6:18 | Ancient of Wonders |
| 6:19 | Wisp |
| 6:19 | Wisp |
| 6:19 | Wisp |
| 6:19 | Wisp |
| 6:19 | Wisp |
| 6:25 | Evasion |
| 7:10 | Breath of Fire |
| 7:22 | Abolish Magic |
| 7:32 | Strength of the Wild |
| 7:32 | Reinforced Hides |
| 7:53 | Tree of Eternity |
| 8:12 | Ancient of Lore |
| 8:37 | Dryad |
⇛